AoeStats
← Hoanga

Glade

510839572Analyzed
1v1 RM · 10h ago on Oct 2, 2026· 36m 54s· 2 players
Game mode
Random Map
Map size
Tiny (2 player)
Population
200
Speed
Normal
Resources
Standard
Victory
Conquest
Starting age
Dark Age
Ending age
Imperial Age
RankedLock teamsTeams togetherTeam positionsShared explorationLock speedFull tech treeHidden civsTurbo modeCheats
Victory
Defeat
🇲🇽 Danes · Mexico
1351
+15
🇦🇷 Saxons · Argentina
1332
-15
Manu Adorni
11:18 Feudal Age
11:26 Man-at-Arms
12:10 Arson
13:15 Horse Collar
15:30 Loom
19:58 Castle Age
18:01 Double-Bit Axe
20:51 Bow Saw
20:36 Stone Mining
27:59 Heavy Plow
29:05 Wheelbarrow
28:16 Town Watch
32:24 Imperial Age
30:49 Fletching
31:36 Bodkin Arrow
34:32 Hand Cart
33:46 Capped Ram
34:06 Onager
36:43 Long Swordsman
37:09 Gambesons
37:25 Squires
Hoanga
6:22 Loom
8:43 Feudal Age
13:36 Man-at-Arms
15:38 Double-Bit Axe
15:34 Horse Collar
21:50 Castle Age
22:49 Heavy Plow
23:04 Bow Saw
31:33 Imperial Age
Connection lost

Rejoining the realm…

Still unreachable

The connection could not be restored.

Session expired

The server has moved on; the page needs a fresh start.